 Dungeon Crawl Stone Soup version 0.26.1-2-gb8aa6d0cf2 (webtiles) character file.

Game seed: 17188315854412407187

840 Almogavar the Chopper (level 8, -6/67 HPs)
             Began as a Hill Orc Fighter on Mar 30, 2021.
             Killed from afar by an electric eel (15 damage)
             ... with a bolt of electricity
             ... on level 5 of the Dungeon.
             The game lasted 00:08:02 (4906 turns).

Almogavar the Chopper (Hill Orc Fighter)            Turns: 4906, Time: 00:08:03

Health: -6/67      AC: 12    Str: 21    XL:     8   Next: 0%
Magic:  8/8        EV:  6    Int:  8    God:
Gold:   274        SH: 10    Dex: 10    Spells: 7/7 levels left

rFire    . . .     SeeInvis .   a - +0 war axe
rCold    . . .     Faith    .   c - +0 kite shield
rNeg     . . .     Spirit   .   A - +0 chain mail
rPois    .         Reflect  .   (no helmet)
rElec    .         Harm     .   b - +0 cloak
rCorr    .         Rampage  .   z - +0 pair of gloves
Will     +....                  (no boots)
Stlth    ..........             (no amulet)
HPRegen  0.21/turn              m - ring of willpower
MPRegen  0.11/turn              (no ring)

@: no status effects
A: no striking features
a: no special abilities


You were on level 5 of the Dungeon.
You visited 1 branch of the dungeon, and saw 5 of its levels.

You collected 274 gold pieces.

Inventory:

Hand Weapons
 a - a +0 war axe (weapon)
 x - a +1 vorpal battleaxe
Missiles
 v - 3 boomerangs (quivered)
Armour
 b - a +0 cloak (worn)
 c - a +0 kite shield (worn)
 z - a +0 pair of gloves (worn)
 A - a +0 chain mail (worn)
Jewellery
 m - a ring of willpower (left hand)
Wands
 t - a wand of acid (10)
 B - a wand of flame (22)
Scrolls
 g - 5 scrolls of teleportation
 h - 4 scrolls of remove curse {unknown}
 j - a scroll of fear
 l - 3 scrolls of amnesia
 n - 3 scrolls of enchant weapon {unknown}
 o - a scroll of enchant armour {unknown}
 p - a scroll of immolation {unknown}
 s - a scroll of random uselessness {unknown}
 y - 3 scrolls of identify
Potions
 d - 2 potions of might
 e - 2 potions of haste
 f - a potion of ambrosia
 i - 2 potions of degeneration {unknown}
 k - a potion of berserk rage {unknown}
 r - a potion of magic {unknown}
 u - 3 potions of attraction {unknown}
 w - 3 potions of lignification {unknown}


   Skills:
 + Level 4.9 Fighting
 + Level 7.7 Axes
 + Level 5.7 Armour
 + Level 1.1 Dodging
 - Level 1.1 Stealth
 + Level 5.0 Shields


You had 7 spell levels left.
You didn't know any spells.
Your spell library was empty.

Dungeon Overview and Level Annotations

Branches:
Dungeon (5/15)
 Temple: D:4-7

Altars:
Ru
Uskayaw
Wu Jian
Xom
Yredelemnul
Zin

Annotations:
D:5 1 transporter


Message History

The electric eel completely resists.
The bolt of electricity hits the electric eel.
The electric eel completely resists.
The electric eel shoots out a bolt of lightning at you!
The bolt of electricity hits you.
The electric eel shoots out a bolt of lightning at you!
The bolt of electricity hits you!
A nearby plant withers and dies.
The electric eel shoots out a bolt of lightning at you!
The bolt of electricity hits the electric eel.
The electric eel completely resists.
The bolt of electricity hits you!
* * * LOW HITPOINT WARNING * * *
The electric eel shoots out a bolt of lightning at you!
The bolt of electricity misses you.
The electric eel shoots out a bolt of lightning at you!
The bolt of electricity hits you.
* * * LOW HITPOINT WARNING * * *
The electric eel shoots out a bolt of lightning at you!
The bolt of electricity hits you!
You die...

...#........# #..#
...#........# ##.##
#..#........# #..#
#..#........# ##.##
...#........############..#
...#)...................#.#
...#....###############.#.#
####....#8≈#;;≈≈≈≈≈#P8#.#.#
...#....#..#....@..#..#...#
...#...©#©.'...⌠...+$©#©..#
...'....#..#.......#..#..##
...#....#8P#≈;≈≈≈≈≈#P8#.##
...#....###############.#
'######.................#
...##...#################
........# ........#


You could see 3 electric eels.

Vanquished Creatures
  A water moccasin (D:5)
  An ice beast (D:5)
  2 ogres
  A water moccasin skeleton (D:4)
  A howler monkey (D:4)
  A hound (D:4)
  2 orc priests
  3 orc wizards
  4 worker ants
  4 adders (D:2)
  An ooze (D:2)
  An adder skeleton (D:4)
  2 worms (D:4)
  2 dart slugs
  A leopard gecko (D:5)
  8 orcs
  6 giant cockroaches
  2 gnoll zombies (D:5)
  6 hobgoblins
  3 jackals (D:3)
  4 kobolds
  4 quokkas
  8 bats
  4 frilled lizards
  4 goblins
  4 rats
80 creatures vanquished.

Vanquished Creatures (others)
  A plant (D:5)
1 creature vanquished.

Grand Total: 81 creatures vanquished

Notes
Turn   | Place    | Note
-------+----------+-------------------------------------------
     0 | D:1      | Almogavar the Hill Orc Fighter began the quest for the Orb.
     0 | D:1      | Reached XP level 1. HP: 19/19 MP: 1/1
   182 | D:1      | Reached XP level 2. HP: 22/27 MP: 2/2
   773 | D:2      | Reached skill level 3 in Axes
   773 | D:2      | Reached XP level 3. HP: 30/33 MP: 3/3
  1293 | D:2      | Reached XP level 4. HP: 21/40 MP: 4/4
  1506 | D:2      | Found a sacrificial altar of Ru.
  1904 | D:3      | Reached skill level 4 in Axes
  2166 | D:3      | Found a glowing silver altar of Zin.
  2624 | D:4      | Reached XP level 5. HP: 38/46 MP: 5/5
  2842 | D:4      | Noticed an ogre
  2849 | D:4      | Killed an ogre
  2850 | D:4      | Reached skill level 5 in Axes
  2850 | D:4      | Reached XP level 6. HP: 40/53 MP: 6/6
  3033 | D:4      | Found a hide-covered altar of Uskayaw.
  3084 | D:4      | Reached skill level 6 in Axes
  3302 | D:4      | Reached XP level 7. HP: 60/60 MP: 7/7
  3373 | D:4      | Reached skill level 5 in Armour
  3842 | D:5      | Entered Level 5 of the Dungeon
  3963 | D:5      | Found a transporter.
  4036 | D:5      | Found a shimmering altar of Xom.
  4036 | D:5      | Found an ornate altar of the Wu Jian Council.
  4138 | D:5      | Reached skill level 1 in Stealth
  4230 | D:5      | Found a transporter.
  4283 | D:5      | Reached skill level 7 in Axes
  4401 | D:5      | Reached skill level 1 in Dodging
  4401 | D:5      | Reached skill level 5 in Shields
  4820 | D:5      | Reached XP level 8. HP: 63/67 MP: 8/8
  4840 | D:5      | Found a basalt altar of Yredelemnul.
  4906 | D:5      | Killed from afar by an electric eel

Illustrated notes

Levels and vault maps discovered:
D:1:      matt_arrival_los_fun, layout_rooms
D:2:      layout_basic, nicolae_ru_the_path_less_chosen
D:3:      layout_loops_ring, lemuel_doored_altar
D:4:      layout_loops_corners, lemuel_crystal_altar
D:5:      gammafunk_steamed_eel, layout_gridville,
          lemuel_zombie_altar_yredelemnul, gammafunk_temple_overflow_elements

Skill      XL: |  1  2  3  4  5  6  7 |
---------------+----------------------+-----
Fighting       | 4 |  4.9
Axes           | 3 4 5 6 7 |  7.7
Armour         | 4 5 |  5.7
Shields        | 4 5 |  5.0
Stealth        | 1 |  1.1
Dodging        | 1 |  1.1

Action                   |  1- 3 |  4- 6 |  7- 9 || total
-------------------------+-------+-------+-------++-------
Melee: War axe           |   112 |   121 |    75 ||   308
  Use: Scroll            |     3 |     3 |     1 ||     7
       Potion            |       |       |     1 ||     1
Armor: Scale mail        |    61 |    45 |    17 ||   123
       Chain mail        |       |       |    10 ||    10
Dodge: Dodged            |    41 |    41 |    16 ||    98
Block: Kite shield       |    61 |    64 |    34 ||   159
